 Dungeon Crawl Stone Soup version 0.29.0-11-gd7f09526c8 (webtiles) character file.

Game seed: 10400156176713476495

608 pacmanke6689 the Conjurer (level 7, 0/48 HPs)
             Began as a Human Conjurer on Sept 4, 2022.
             Slain by Pikel
             ... wielding a +1 whip of flaming
              (1 damage)
             ... on level 5 of the Dungeon.
             The game lasted 00:19:25 (4930 turns).

pacmanke6689 the Conjurer (Human Conjurer)          Turns: 4930, Time: 00:19:26

Health: 0/48       AC:  4    Str:  8    XL:     7   Next: 71%
Magic:  10/12      EV: 12    Int: 20    God:
Gold:   128        SH:  0    Dex: 11    Spells: 7/13 levels left

rFire   . . .      SeeInvis .   c - +0 dagger
rCold   . . .      Faith    .   (no shield)
rNeg    . . .      Spirit   .   a - +0 robe
rPois   .          Reflect  .   (no helmet)
rElec   .          Harm     .   (no cloak)
rCorr   .          Rampage  .   (no gloves)
Will    .....                   p - +1 pair of boots
Stlth   ++........              (no amulet)
HPRegen 0.16/turn               (no ring)
MPRegen 0.13/turn               (no ring)

@: brilliant, hasted, very quick
A: no striking features
a: no special abilities


You were on level 5 of the Dungeon.
You visited 1 branch of the dungeon, and saw 5 of its levels.

You collected 128 gold pieces.

Inventory:

Hand Weapons
 c - a +0 dagger (weapon)
Armour
 a - a +0 robe (worn)
 p - a +1 pair of boots (worn)
Wands
 n - a wand of digging (2)
Scrolls
 b - a scroll of enchant weapon
 k - a scroll of noise
 l - a scroll of torment {unknown}
 m - a scroll of fear {unknown}
 q - a scroll of summoning {unknown}
 s - a scroll of teleportation {unknown}
 u - a scroll of immolation {unknown}
 w - a scroll of vulnerability {unknown}
 y - a scroll of poison {unknown}
Potions
 e - a potion of curing {unknown}
 f - a potion of resistance
 i - a potion of lignification {unknown}
 j - a potion of invisibility {unknown}
 o - 2 potions of flight {unknown}
 r - a potion of attraction {unknown}
 t - 2 potions of cancellation {unknown}
 v - 3 potions of degeneration {unknown}
 x - a potion of might {unknown}


   Skills:
 + Level 1.0 Fighting
 + Level 1.9 Short Blades
 + Level 3.2 Dodging
 + Level 3.8 Stealth
 + Level 3.8 Spellcasting
 + Level 6.1 Conjurations
 + Level 0.6 Hexes


You had 7 spell levels left.
You knew the following spells:

 Your Spells              Type           Power      Damage    Failure   Level
a - Magic Dart            Conj           100%       1d8       1%          1
b - Searing Ray           Conj           84%        2d7       1%          2
c - Dazzling Flash        Conj/Hex       52%        N/A       10%         3

Your spell library contained the following spells:

 Spells                   Type           Power      Damage    Failure   Level
 Fulminant Prism          Conj/Hex       13%        3d9       32%         4
 Iskenderun's Mystic Bla  Conj/Tloc      24%        2d7       36%         4


Dungeon Overview and Level Annotations

Branches:
Dungeon (5/15)
 Temple: D:4-7

Altars:

Annotations:
D:5 Pikel


Message History

Pikel is severely wounded.
Pikel hits you with a +1 whip of flaming.
* * * LOW HITPOINT WARNING * * *
Pikel burns you.
* * * LOW HITPOINT WARNING * * *
You are confused.
You feel invigorated.
You bump into the rock wall.
Pikel barely misses you.
You bump into the rock wall.
You closely miss Pikel.
Pikel is severely wounded.
Pikel hits you with a +1 whip of flaming!
* * * LOW HITPOINT WARNING * * *
Pikel burns you.
* * * LOW HITPOINT WARNING * * *
You feel less invigorated.
You feel less confused. Pikel misses you.
Casting: Magic Dart (safe; 1% risk of failure)
Confirm with . or Enter, or press ? or * to list all spells.
You don't know that spell.
Aiming: Magic Dart (safe; 1% risk of failure)
Press: ? - help, Q - select action, (/) - cycle Shift-Dir - straight line, f/p - Pikel
Aim: Pikel, wielding a +1 whip of flaming and wearing a +0 robe (severely wounded, 100% to hit)
You feel a surge of power!
The magic dart hits Pikel but does no damage.
Pikel is severely wounded.
Casting: Magic Dart (safe; 1% risk of failure)
Confirm with . or Enter, or press ? or * to list all spells.
Aiming: Searing Ray (safe; 1% risk of failure)
Press: ? - help, Shift-Dir - straight line, f/p - Pikel
Aim: Pikel, wielding a +1 whip of flaming and wearing a +0 robe (severely wounded, 77% to hit)
You feel a surge of power!
The searing ray hits Pikel but does no damage.
Pikel is severely wounded. (Press . to maintain the ray.) Pikel hits you with a +1 whip of flaming!
* * * LOW HITPOINT WARNING * * *
Pikel burns you.
You die...

+......
##.....#
#......#
#......#
#......#
#......#
#......###
#.....@K.#
###....#.#.#
+....#5#.#
#....#5#.#
#....#.#5#
#....#.#5#
#....#.#.#
###+##.#.#
#......#


You could see Pikel.

Vanquished Creatures
  A water moccasin (D:3)
  2 black bears (D:4)
  2 lemures (D:5)
  A scorpion (D:4)
  A howler monkey (D:4)
  2 hounds (D:4)
  3 gnolls (D:3)
  6 adders
  A worm (D:3)
  A dart slug (D:2)
  10 orcs
  10 endoplasms
  3 giant cockroaches
  8 goblins
  7 hobgoblins
  5 kobolds
  3 quokkas
  7 ball pythons
  5 bats
  2 frilled lizards (D:1)
  A rat (D:1)
81 creatures vanquished.

Notes
Turn   | Place    | Note
-------+----------+-------------------------------------------
     0 | D:1      | pacmanke6689 the Human Conjurer began the quest for the
                  | Orb.
     0 | D:1      | Reached XP level 1. HP: 13/13 MP: 3/3
   154 | D:1      | Reached XP level 2. HP: 19/19 MP: 1/5
   794 | D:2      | Reached XP level 3. HP: 24/24 MP: 1/6
  1007 | D:2      | Learned a level 2 spell: Searing Ray
  1237 | D:2      | Reached XP level 4. HP: 30/30 MP: 0/7
  1809 | D:3      | Reached skill level 5 in Conjurations
  2693 | D:3      | Noticed a water moccasin
  2701 | D:3      | Killed a water moccasin
  2702 | D:3      | Reached XP level 5. HP: 35/35 MP: 0/9
  2702 | D:3      | Reached XP level 6. HP: 41/41 MP: 0/10
  3057 | D:3      | Reached skill level 1 in Short Blades
  3831 | D:4      | Noticed a black bear
  3839 | D:4      | Killed a black bear
  3854 | D:4      | Reached XP level 7. HP: 26/47 MP: 0/12
  3858 | D:4      | Learned a level 3 spell: Dazzling Flash
  4184 | D:4      | Reached skill level 6 in Conjurations
  4242 | D:4      | Reached skill level 1 in Fighting
  4807 | D:5      | Entered Level 5 of the Dungeon
  4891 | D:5      | Noticed Pikel
  4919 | D:5      | HP: 2/48 [Pikel/+1 whip of flaming (1)]
  4930 | D:5      | HP: 1/48 [Pikel/+1 whip of flaming (10)]
  4930 | D:5      | Slain by Pikel

Illustrated notes

Levels and vault maps discovered:
D:1:      lightli_arrival_quake, layout_basic
D:2:      layout_basic
D:3:      layout_loops_corners, minmay_misc_feat_roman,
          grunt_decor_mini_mirrors, guppyfry_early_orc_mine
D:4:      layout_gridville
D:5:      layout_basic, xom_teletrap_fun, uniq_pikel, uniq_grinder,
          uniq_blork_the_orc

Skill      XL: |  1  2  3  4  5  6  7 |
---------------+----------------------+-----
Conjurations   | 5 6 |  6.1
Stealth        | 3 |  3.8
Short Blades   | 1 |  1.9
Spellcasting   | 3 |  3.8
Dodging        | 3 |  3.2
Fighting       | 1 |  1.0
Hexes          | |  0.6

Action                   |  1- 3 |  4- 6 |  7- 9 || total
-------------------------+-------+-------+-------++-------
Melee: Dagger            |    17 |    49 |    40 ||   106
       Punch             |       |     1 |       ||     1
 Cast: Magic Dart        |    40 |    59 |    21 ||   120
       Searing Ray       |     5 |     8 |     9 ||    22
       Dazzling Flash    |       |       |     9 ||     9
Evoke: Wand              |       |     1 |       ||     1
  Use: Potion            |     3 |     2 |     4 ||     9
       Scroll            |       |     6 |     1 ||     7
 Stab: Sleeping          |       |     5 |     1 ||     6
Armor: Robe              |     4 |    14 |    14 ||    32
Dodge: Dodged            |     8 |    57 |    51 ||   116
